 Dungeon Crawl Stone Soup version 0.29-a0-598-gd8304a5bf4 (console) character file.

Game seed: 9294866613438161124

118 om the Covered (level 4, -1/40 HPs)
             Began as a Minotaur Berserker on June 15, 2022.
             Was a Believer of Trog.
             Slain by a gnoll
             ... wielding a +0 spear
              (5 damage)
             ... on level 3 of the Dungeon.
             The game lasted 00:05:15 (1668 turns).

om the Covered (Minotaur Berserker)                 Turns: 1668, Time: 00:05:16

Health: -1/40      AC:  3    Str: 21    XL:     4   Next: 72%
Magic:  3/3        EV: 12    Int:  4    God:    Trog [**....]
Gold:   103        SH:  0    Dex: 12    Spells: 3/3 levels left

rFire   + . .      SeeInvis .   g - +2 lajatang (elec)
rCold   + . .      Faith    +   (shield currently unavailable)
rNeg    . . .      Spirit   .   b - +1 animal skin
rPois   .          Reflect  .   (helmet restricted)
rElec   .          Harm     .   (no cloak)
rCorr   .          Rampage  .   (no gloves)
Will    .....                   (no boots)
Stlth   +.........              o - amulet of faith
HPRegen 0.13/turn               h - ring of protection from cold
MPRegen 0.08/turn               n - ring of protection from fire

@: on berserk cooldown, slowed, very slow
A: horns 2, retaliatory headbutt
a: Renounce Religion, Berserk, Trog's Hand


You were on level 3 of the Dungeon.
You worshipped Trog.
Trog was pleased with you.
You visited 1 branch of the dungeon, and saw 3 of its levels.

You collected 136 gold pieces.
You spent 33 gold pieces at shops.

Inventory:

Hand Weapons
 a - a +0 hand axe
 g - a +2 lajatang of electrocution (weapon)
Missiles
 e - a throwing net (quivered)
Armour
 b - a +1 animal skin (worn)
Jewellery
 d - a ring of fire
 h - a ring of protection from cold (left hand)
 n - a ring of protection from fire (right hand)
 o - an amulet of faith (around neck)
Scrolls
 m - 2 scrolls of immolation {unknown}
Potions
 c - a potion of flight {unknown}
 f - 2 potions of curing
 i - 2 potions of haste {unknown}
 j - a potion of ambrosia {unknown}
 k - a potion of heal wounds {unknown}
 l - a potion of brilliance {unknown}


   Skills:
 - Level 4.0 Fighting
 - Level 3.9(4.0) Axes
 - Level 1.0(3.0) Polearms
 * Level 1.9(2.1) Staves
 * Level 4.2 Armour
 + Level 3.1 Dodging


You had 3 spell levels left.
You didn't know any spells.
Your spell library was empty.

Dungeon Overview and Level Annotations

Branches:
Dungeon (3/15)

Altars:

Shops:
D:1 !


Innate Abilities, Weirdness & Mutations

You have a pair of horns on your head.
You reflexively headbutt those who attack you in melee.


Message History

The hound bites you but does no damage.
The gnoll hits you from afar with a +0 spear.
Your Staves skill increases to level 1!
Your Dodging skill increases to level 3!
You have reached level 4!
You feel agile.
You barely miss the hound. The hound barely misses you.
You furiously retaliate!
You headbutt the hound, but do no damage.
The gnoll hits you from afar with a +0 spear!
The hound bites you.
* * * LOW HITPOINT WARNING * * *
Unknown command.
Okay, then.
You feel better. The hound bites you but does no damage.
The gnoll hits you from afar with a +0 spear.
The hound barely misses you. You furiously retaliate!
You headbutt the hound!
A red film seems to cover your vision as you go berserk!
You feel yourself moving faster!
You feel mighty!
The gnoll hits you from afar with a +0 spear.
* * * LOW HITPOINT WARNING * * *
The hound bites you but does no damage.
You completely miss the hound.
The hound is almost dead.
The hound barely misses you. You furiously retaliate!
You headbutt the hound.
The gnoll hits you from afar with a +0 spear!
* * * LOW HITPOINT WARNING * * *
The hound bites you.
* * * LOW HITPOINT WARNING * * *
You hit the hound.
You kill the hound!
Trog accepts your kill.
The gnoll hits you from afar with a +0 spear.
* * * LOW HITPOINT WARNING * * *
Your Armour skill increases to level 4!
You feel a strong urge to attack something.
You are no longer berserk.
You are exhausted.
You feel yourself slow down.
You barely miss the gnoll. The gnoll closely misses you.
The gnoll hits you with a +0 spear.
You die...

#.................).
#...................
#....).....>........
#.....###.........#.
####### #.........##
#...+ #...........
...## #........... ..'
#...........
####'#####....#.#####
#..PgP..##....+......
#...@...##....#.#####
###..#####....#'#####
#.## #...........
###.### #...........
#.....####...........
#.....#..<...........
#.....#.#............
##.#.##.#............
####.#.##.#....#.......
#....#....#...........#
#.######..............#


You could see a gnoll.

Vanquished Creatures
  2 hounds (D:3)
  An adder (D:2)
  2 dart slugs
  5 endoplasms
  3 giant cockroaches
  7 goblins
  A hobgoblin (D:3)
  5 kobolds
  A quokka (D:2)
  A ball python (D:2)
  10 bats
  2 frilled lizards (D:1)
  7 rats
47 creatures vanquished.

Vanquished Creatures (others)
  3 fungi (D:1)
  4 plants (D:1)
7 creatures vanquished.

Grand Total: 54 creatures vanquished

Notes
Turn   | Place    | Note
-------+----------+-------------------------------------------
     0 | D:1      | om the Minotaur Berserker began the quest for the Orb.
     0 | D:1      | Reached XP level 1. HP: 19/19 MP: 0/0
   142 | D:1      | Reached XP level 2. HP: 27/27 MP: 1/1
   261 | D:1      | Found a faded altar of an unknown god.
   305 | D:1      | Found Detrepol's Distillery.
   386 | D:1      | Reached ** piety under Trog
   871 | D:1      | Bought a potion of curing for 33 gold pieces
   970 | D:2      | Reached XP level 3. HP: 33/33 MP: 2/2
   986 | D:2      | Identified a scroll of acquirement
   986 | D:2      | Acquired a +2 lajatang of electrocution
  1239 | D:2      | Reached skill level 1 in Polearms
  1660 | D:3      | Reached skill level 1 in Staves
  1660 | D:3      | Reached XP level 4. HP: 22/40 MP: 3/3
  1668 | D:3      | Slain by a gnoll

Illustrated notes

Levels and vault maps discovered:
D:1:      dpeg_arrival_oval, layout_rooms, dreamdust_ecumenical_altar_grove,
          serial_shops, nicolae_shop_crystal, st_stairs_11
D:2:      layout_rooms
D:3:      layout_basic, cheibrodos_gnoll_hut, uniq_crazy_yiuf_cottage

Skill      XL: |  1  2  3  4 |
---------------+-------------+-----
Armour         | 3 4 |  4.2
Fighting       | 4 |  4.0
Polearms       | 1 |  1.0
Staves         | 1 |  1.9
Dodging        | 3 |  3.1
Axes           | |  3.9

Action                   |  1- 3 |  4- 6 || total
-------------------------+-------+-------++-------
Melee: Hand axe          |    45 |       ||    45
       Headbutt          |    16 |       ||    16
       Lajatang          |    29 |     4 ||    33
Invok: Berserk           |       |     1 ||     1
  Use: Scroll            |     2 |       ||     2
       Potion            |       |     1 ||     1
 Stab: Sleeping          |     1 |       ||     1
Armor: Animal skin       |    20 |     2 ||    22
Dodge: Dodged            |    45 |     4 ||    49

Table legend: (Time is in decaauts)
 A = Elapsed time spent in this place.
 B = Non-inter-level travel time spent in this place.
 C = Inter-level travel time spent in this place.
 D = Time resting spent in this place.
 E = Time spent auto-exploring this place.
 F = Levels seen in this place.
 G = Mean time per level.
                   A        B        C        D        E       F      G
               +--------+--------+--------+--------+--------+-----+--------+
         Total |   1680 |   1631 |     49 |      0 |   1324 |   3 |  560.0 |
       Dungeon |   1680 |   1631 |     49 |      0 |   1324 |   3 |  560.0 |
               +--------+--------+--------+--------+--------+-----+--------+

Top non-repeatable levels by time:
     D:1: 828 daAuts
     D:2: 443 daAuts
     D:3: 408 daAuts
